 Dungeon Crawl Stone Soup version 0.32-a0-616-g9348d4545b (webtiles) character file.

Game seed: 11975087982628170915

23 ezpacito the Chopper (level 2, 0/24 HPs)
             Began as a Coglin Chaos Knight on Mar 5, 2024.
             Was a Plaything of Xom.
             Slain by an orc
             ... wielding a +0 hand axe
              (8 damage)
             ... on level 2 of the Dungeon.
             The game lasted 00:00:47 (627 turns).

ezpacito the Chopper (Coglin Chaos Knight)           Turns: 627, Time: 00:00:47

Health: 0/24       AC:  6    Str: 12    XL:     2   Next: 95%
Magic:  2/2        EV: 11    Int: 11    God:    Xom [..*...]
Gold:   8          SH:  0    Dex: 13    Spells: 1/1 levels left

rFire   . . .        a - +0 hand axe (chaos) {Ajinder}
rCold   . . .        d - +0 dagger {Suchat}
rNeg    . . .        b - +2 leather armour
rPois   .            (no helmet)
rElec   .            (no cloak)
rCorr   .            (no gloves)
SInv    .            h - +0 pair of boots
Will    +....        (amulet unavailable)
Stlth   +            (ring unavailable)
HPRegen 0.24/turn    (ring unavailable)
MPRegen 0.08/turn    (no gizmo)

%: no passive effects
@: enlightened, flying, revved
A: off-hand wielding, slow wielding, warmup strikes, no jewellery
a: Invent Gizmo, Renounce Religion


You were on level 2 of the Dungeon.
You worshipped Xom.
You were a toy of Xom.
You visited 1 branch of the dungeon, and saw 2 of its levels.

You collected 8 gold pieces.

Inventory:

Hand Weapons
 a - a +0 hand axe of chaos (weapon) {Ajinder}
 d - a +0 dagger (offhand) {Suchat}
Armour
 b - a +2 leather armour (worn)
 h - a +0 pair of boots (worn)
 k - a +0 scale mail
Magical Staves
 j - a staff of alchemy
Scrolls
 c - a scroll of butterflies
 g - a scroll of noise {unknown}
 i - a scroll of amnesia {unknown}
Potions
 e - 2 potions of brilliance {unknown}
 f - a potion of enlightenment


   Skills:
 * Level 3.2 Fighting
 * Level 3.2 Axes
 + Level 0.3(1.8) Polearms
 * Level 2.1 Armour
 * Level 1.0 Dodging
 + Level 0.3 Stealth
 + Level 0.2 Spellcasting


You had one spell level left.
You didn't know any spells.
Your spell library contained the following spells:

 Spells                   Type           Power      Damage    Failure   Level
 Summon Small Mammal      Summ           0%         N/A       41%         1
 Call Canine Familiar     Summ           0%         N/A       80%         3
 Summon Blazeheart Golem  Fire/Summ      0%         N/A       99%         4


Dungeon Overview and Level Annotations

Branches:
Dungeon (2/15)

Altars:


Innate Abilities, Weirdness & Mutations

You can wield a second weapon in your off-hand.
It takes a long time for you to wield or remove held weapons.
Your first few attacks do less damage.
You cannot equip rings or amulets.


Message History

The orc wizard is moderately wounded.
You hit the orc wizard but do no damage.
You hit the orc with your +0 hand axe of chaos.
The orc seems to grow stronger.
Xom is highly amused!
The orc wizard hits you but does no damage.
The orc closely misses you.
You hit the orc wizard but do no damage.
The orc wizard is moderately wounded.
You closely miss the orc wizard with your +0 hand axe of chaos.
You hit the orc with your +0 hand axe of chaos.
The orc wizard closely misses you. The orc completely misses you.
You hit the orc wizard but do no damage.
The orc wizard is moderately wounded.
You hit the orc wizard with your +0 hand axe of chaos.
You burn the orc wizard.
You hit the orc with your +0 hand axe of chaos.
You burn the orc. You hit the orc but do no damage. You drain the orc.
The orc wizard hits you with a +0 dagger.
The orc hits you with a +0 hand axe. The orc closely misses you.
You take 1 damage, and have 15/24 hp.
You hit the orc wizard but do no damage.
The orc wizard is severely wounded.
You barely miss the orc wizard with your +0 hand axe of chaos.
You hit the orc but do no damage.
You barely miss the orc with your +0 hand axe of chaos.
The orc wizard casts a spell at you. The magic dart hits you!
The orc hits you but does no damage. The orc closely misses you.
You take 7 damage, and have 8/24 hp.
MASSIVE DAMAGE!!
You hit the orc wizard with your +0 dagger.
The orc wizard is severely wounded.
You completely miss the orc wizard with your +0 hand axe of chaos.
You hit the orc with your +0 hand axe of chaos.
You kill the orc!
You barely miss the orc with your +0 hand axe of chaos.
An orc comes into view. It is wielding a +0 club.
The orc wizard hits you but does no damage.
The orc hits you with a +0 hand axe!
You die...

#..# #..# ### .... #
#.. #..# #####.##.##
#..# #.........#
#..# ......##..#
#..#
..>...)...#####..#
#.o@........)###
......o.$..........#
#o#######.########.#
#.# #.# #.# #.# o oo
..# #.# ### #.# #.#
#.#


You could see an orc wizard and 2 orcs.

Vanquished Creatures
  A dart slug (D:1)
  An orc (D:2)
  3 endoplasms
  A giant cockroach (D:2)
  4 goblins
  A hobgoblin (D:1)
  A quokka (D:1)
  2 ball pythons (D:1)
  3 bats (D:1)
  A frilled lizard (D:2)
  4 rats (D:1)
22 creatures vanquished.

Notes
Turn   | Place    | Note
-------+----------+-------------------------------------------
     0 | D:1      | ezpacito the Coglin Chaos Knight began the quest for the
                  | Orb.
     0 | D:1      | Reached XP level 1. HP: 18/18 MP: 1/1
    68 | D:1      | XOM: potion effect (haste)
    70 | D:1      | Reached skill level 1 in Dodging
   146 | D:1      | Reached XP level 2. HP: 19/24 MP: 2/2
   606 | D:2      | XOM: silly message
   616 | D:2      | XOM: divination: detect creatures
   627 | D:2      | Slain by an orc

Illustrated notes

Levels and vault maps discovered:
D:1:      saegor_arrival_simple_e, layout_rooms, kennysheep_minor_cross
D:2:      layout_loops_ring

Skill      XL: |  1  2 |
---------------+-------+-----
Dodging        | 1 |  1.0
Armour         | 2 |  2.1
Fighting       | |  3.2
Axes           | |  3.2
Polearms       | |  0.3
Stealth        | |  0.3
Spellcasting   | |  0.2

Action                     || total
---------------------------++-------
  Melee: Hand axe          ||    38
         Dagger            ||    33
    Use: Potion            ||     1
   Stab: Sleeping          ||     1
 Armour: Leather armour    ||    20
  Dodge: Dodged            ||    21

Table legend: (Time is in decaauts)
 A = Elapsed time spent in this place.
 B = Non-inter-level travel time spent in this place.
 C = Inter-level travel time spent in this place.
 D = Time resting spent in this place.
 E = Time spent auto-exploring this place.
 F = Levels seen in this place.
 G = Mean time per level.
                   A        B        C        D        E       F      G
               +--------+--------+--------+--------+--------+-----+--------+
         Total |    611 |    589 |     22 |      0 |    471 |   2 |  305.5 |
       Dungeon |    611 |    589 |     22 |      0 |    471 |   2 |  305.5 |
               +--------+--------+--------+--------+--------+-----+--------+

Top non-repeatable levels by time:
     D:1: 524 daAuts
     D:2: 86 daAuts
